 Dungeon Crawl Stone Soup version 0.30-a0-777-ga9a30cbeda (webtiles) character file.

Game seed: 12593208745092226586

145 retardedninja the Shield-Bearer (level 5, -8/33 HPs)
             Began as a Gargoyle Fighter on Feb 13, 2023.
             Mangled by an ice beast (13 damage)
             ... on level 3 of the Dungeon.
             The game lasted 00:03:11 (1800 turns).

retardedninja the Shield-Bearer (Gargoyle Fighter)  Turns: 1800, Time: 00:03:12

Health: -8/33      AC: 11    Str: 20 (21) XL:     5   Next: 27%
Magic:  5/5        EV:  9    Int:  6 (9)  God:
Gold:   143        SH:  4    Dex:  7 (9)  Spells: 4/4 levels left

rFire   . . .      SeeInvis .    a - +0 flail
rCold   . . .      Faith    .    c - +0 buckler
rNeg    + . .      Spirit   .    b - +0 scale mail
rPois   ∞          Reflect  .    (no helmet)
rElec   +          Harm     .    (no cloak)
rCorr   .          Rampage  .    (no gloves)
Will    .....                    (no boots) Stlth
                                 (no amulet)
HPRegen 0.25/turn                (no ring)
MPRegen 0.09/turn                (no ring)

@: mighty, brilliant, flying
A: sickness immunity, AC +4, negative energy resistance 1, electricity
resistance, torment resistance 1, petrification resistance
a: no special abilities


You were on level 3 of the Dungeon.
You visited 1 branch of the dungeon, and saw 4 of its levels.

You collected 143 gold pieces.

Inventory:

Hand Weapons
 a - a +0 flail (weapon)
Armour
 b - a +0 scale mail (worn)
 c - a +0 buckler (worn)
Jewellery
 n - a ring of willpower
Scrolls
 f - 4 scrolls of identify {unknown}
 g - a scroll of brand weapon {unknown}
 h - a scroll of teleportation {unknown}
 k - a scroll of enchant weapon {unknown}
 l - a scroll of noise {unknown}
Potions
 e - a potion of magic {unknown}
 i - a potion of flight
 m - a potion of resistance {unknown}


   Skills:
 + Level 4.2 Fighting
 + Level 3.1 Maces & Flails
 + Level 4.2 Armour
 + Level 4.2 Shields


You had 4 spell levels left.
You didn't know any spells.
Your spell library contained the following spells:

 Spells                   Type           Power      Damage    Failure   Level
 Magic Dart               Conj           0%         1d3       87%         1
 Searing Ray              Conj           0%         2d4       95%         2
 Fulminant Prism          Conj/Hex       0%         3d5       100%        4


Dungeon Overview and Level Annotations

Branches:
Dungeon (4/15)
 Temple: D:4-7

Altars:

Shops:
D:1 (


Innate Abilities, Weirdness & Mutations

You are immune to sickness and miasma.
Your stone body is resilient. (AC +4)
You are immune to poison.
You resist negative energy. (rN+)
You are resistant to electric shocks. (rElec)
You are resistant to unholy torment.
You are immune to petrification.


Message History

The ice beast hits you but does no damage.
You closely miss the ice beast.
The ice beast is lightly wounded.
The ice beast barely misses you.
It was a potion of flight.
You feel very buoyant.
You fly up into the air.
The ice beast hits you. The ice beast freezes you!
* * * LOW HITPOINT WARNING * * *
It was a potion of degeneration.
There was something very wrong with that liquid.
You feel weakened.
You feel dopey.
You feel clumsy.
The ice beast hits you but does no damage.
It was a potion of brilliance.
You feel clever all of a sudden. The ice beast barely misses you.
It was a potion of curing.
You feel better. You block the ice beast's attack.
You barely miss the ice beast.
The ice beast is lightly wounded.
The ice beast barely misses you.
You hit the ice beast.
The ice beast is moderately wounded.
The ice beast misses you. You block the ice beast's attack.
You closely miss the ice beast.
The ice beast is moderately wounded.
The ice beast closely misses you.
You hit the ice beast.
The ice beast is heavily wounded.
The ice beast hits you. The ice beast freezes you!
* * * LOW HITPOINT WARNING * * *
You feel very mighty all of a sudden. You block the ice beast's attack.
You completely miss the ice beast.
The ice beast is heavily wounded.
The ice beast hits you but does no damage.
You closely miss the ice beast.
The ice beast is heavily wounded.
The ice beast closely misses you. The ice beast hits you.
* * * LOW HITPOINT WARNING * * *
The ice beast freezes you!
You die...

.# #.# #.# .# #.# #.#
.######.##########.##
........)......<....#
#######.............#
#######.....#.#
########........#
#............<..#
#.######....@Y..# #.#
##...[.#.###### #.#
##...##....>.# #.#
##.###......# #.#
#.......>..# #.#
######.....# #.#
#.....# #####.#
#.#.### ......#####
#.#.#


You could see an ice beast.

Vanquished Creatures
  A gnoll (D:1)
  4 adders
  A worm (D:2)
  6 dart slugs
  3 orcs (D:3)
  16 ball pythons
  2 endoplasms (D:3)
  2 giant cockroaches (D:3)
  7 goblins
  3 hobgoblins (D:2)
  10 jackals
  3 quokkas
  5 bats
  3 frilled lizards
  6 kobolds
  4 rats
76 creatures vanquished.

Notes
Turn   | Place    | Note
-------+----------+-------------------------------------------
     0 | D:1      | retardedninja the Gargoyle Fighter began the quest for the
                  | Orb.
     0 | D:1      | Reached XP level 1. HP: 14/14 MP: 1/1
    28 | D:1      | Reached XP level 2. HP: 14/19 MP: 2/2
   128 | D:1      | Reached XP level 3. HP: 21/23 MP: 3/3
   344 | D:1      | Found Uqefam's Antique Weapon Shop.
   733 | D:2      | Reached XP level 4. HP: 29/29 MP: 4/4
   802 | D:2      | Found a faded altar of an unknown god.
  1271 | D:3      | Reached XP level 5. HP: 33/33 MP: 5/5
  1753 | D:4      | Noticed an ice beast
  1800 | D:3      | Mangled by an ice beast

Illustrated notes

Levels and vault maps discovered:
D:1:      saegor_arrival_miasma, layout_rooms, serial_shops,
          nicolae_shop_crystal, minmay_misc_feat_iff
D:2:      layout_rooms, hellmonk_ecumenical_altar_dog_temple
D:3:      layout_loops_ring
D:4:      layout_basic

Skill      XL: |  1  2  3  4 |
---------------+-------------+-----
Armour         | 4 |  4.2
Shields        | 4 |  4.2
Fighting       | 4 |  4.2
Maces & Flails | 3 |  3.1

Action                     |  1- 3 |  4- 6 || total
---------------------------+-------+-------++-------
  Melee: Flail             |   107 |   140 ||   247
    Use: Potion            |       |     5 ||     5
 Armour: Scale mail        |    67 |   117 ||   184
  Dodge: Dodged            |    43 |   113 ||   156
  Block: Buckler           |    28 |    47 ||    75

Table legend: (Time is in decaauts)
 A = Elapsed time spent in this place.
 B = Non-inter-level travel time spent in this place.
 C = Inter-level travel time spent in this place.
 D = Time resting spent in this place.
 E = Time spent auto-exploring this place.
 F = Levels seen in this place.
 G = Mean time per level.
                   A        B        C        D        E       F      G
               +--------+--------+--------+--------+--------+-----+--------+
         Total |   1877 |   1817 |     60 |    163 |   1125 |   4 |  469.2 |
       Dungeon |   1877 |   1817 |     60 |    163 |   1125 |   4 |  469.2 |
               +--------+--------+--------+--------+--------+-----+--------+

Top non-repeatable levels by time:
     D:3: 738 daAuts
     D:2: 594 daAuts
     D:1: 535 daAuts
     D:4: 9 daAuts
